 Dungeon Crawl Stone Soup version 0.31.0-32-g396128a36d (webtiles) character file.

Game seed: 17670845116124140028

4078 monsoonserge the Grappler (level 10, -14/65 HPs)
             Began as an Octopode Shapeshifter on Apr 8, 2024.
             Was an Initiate of Gozag.
             Demolished by Erica
             ... wielding a +0 scimitar of flaming
              (19 damage)
             ... on level 8 of the Dungeon.
             The game lasted 00:27:01 (8378 turns).

monsoonserge the Grappler (Octopode Shapeshifter)   Turns: 8378, Time: 00:27:02

Health: -14/65     AC:  1    Str: 18    XL:     10   Next: 25%
Magic:  10/10      EV: 15    Int: 12    God:    Gozag
Gold:   586        SH:  5    Dex: 12    Spells: 9/9 levels left

rFire   . .          .
                       - Unarmed
rCold   . . .        (shield currently unavailable)
rNeg    . . .        (helmet restricted)
rPois   .            z - amulet of reflection
rElec   .            g - ring of resist corrosion
rCorr   +            q - ring of flight
SInv    .            (no ring)
Will    .....        (no ring)
Stlth   ++           (no ring)
HPRegen 0.30/turn    (no ring)
MPRegen 0.12/turn    (no ring)
                     (no ring)

%: reflection
@: flux-form, gold aura, flying, glowing, constricted
A: glow, contaminating, almost no armour, amphibious, 8 rings, camouflage 1,
gelatinous body 1, (nimble swimmer 1), tentacles
a: Begin Untransformation, Renounce Religion, Potion Petition, Call Merchant,
Bribe Branch


You were on level 8 of the Dungeon.
You worshipped Gozag.
Gozag was pleased with you.
You were something dangerously unstable.
You visited 2 branches of the dungeon, and saw 9 of its levels.

You collected 797 gold pieces.
You spent 126 gold pieces at shops.
You paid 85 gold pieces to Gozag.

Inventory:

Missiles
 i - 4 atropa-tipped darts (quivered)
 y - a throwing net
 A - 5 javelins
Jewellery
 g - a ring of resist corrosion (left tentacle)
 q - a ring of flight (right tentacle)
 z - an amulet of reflection (around mantle)
Talismans
 b - a beast talisman
 c - a flux talisman (active)
Wands
 n - a wand of flame (4)
 p - a wand of acid (2)
 B - a wand of paralysis (8)
Scrolls
 a - a scroll of noise
 h - a scroll of torment
 j - a scroll of butterflies
 k - 3 scrolls of enchant armour
 s - a scroll of immolation
 t - a scroll of poison
 u - 2 scrolls of blinking
 w - a scroll of amnesia
Potions
 d - a potion of degeneration {unknown}
 e - 3 potions of curing
 f - 2 potions of enlightenment
 m - 2 potions of ambrosia
 o - 4 potions of magic {unknown}
 x - a potion of mutation {unknown}
 C - a potion of cancellation {unknown}


   Skills:
 * Level 4.5 Fighting
 - Level 1.0 Throwing
 * Level 4.6 Dodging
 + Level 3.9 Stealth
 - Level 0.3 Shields
 + Level 9.8 Unarmed Combat
 - Level 2.0 Evocations
 + Level 8.4 Shapeshifting


You had 9 spell levels left.
You didn't know any spells.
Your spell library contained the following spells:

 Spells                   Type           Power      Damage    Failure   Level
 Call Imp                 Summ           0%         N/A       45%         2
 Lesser Beckoning         Tloc           0%         N/A       45%         2
 Sublimation of Blood     Necr           0%         N/A       45%         2
 Gell's Gravitas          Tloc           0%         N/A       69%         3
 Hailstorm                Conj/Ice       0%         3d5       69%         3
 Inner Flame              Hex/Fire       0%         N/A       69%         3
 Summon Ice Beast         Ice/Summ       0%         N/A       69%         3
 Teleport Other           Tloc           0%         N/A       69%         3
 Tukima's Dance           Hex            0%         N/A       69%         3
 Flame Wave               Conj/Fire      0%         2d4       97%         4
 Passage of Golubria      Tloc           0%         N/A       97%         4
 Sticky Flame             Fire/Alch      0%         2d4       97%         4
 Yara's Violent Unravell  Hex/Alch       0%         3d3       100%        5
 Sculpt Simulacrum        Ice/Alch       0%         N/A       100%        6
 Summon Hydra             Summ           0%         N/A       100%        7


Dungeon Overview and Level Annotations

Branches:
Dungeon (8/15)             Temple (1/1) D:4
   Lair: D:8-11

Altars:
Ashenzari
Cheibriados
Dithmenos
Elyvilon
Fedhas
Gozag
Hepliaklqana
Kikubaaqudgha
Nemelex Xobeh
Okawaru
Qazlal
Ru
Sif Muna
Trog
Uskayaw
Vehumet
Wu Jian
Xom
Yredelemnul
Zin
The Shining One

Shops:
D:3 ?

Annotations:
D:8 1 runed translucent door, Erica; yey's ghost, novice FeBe


Innate Abilities, Weirdness & Mutations

You are something dangerously unstable.
You glow with magical radiation, making you easy to see and hit.
Foes you strike become dangerously contaminated with magical radiation.
You are incapable of wielding weapons or throwing items.
You cannot wear most types of armour.
You are amphibious.
You can wear up to eight rings at the same time.
Your skin changes colour to match your surroundings (Stealth+).
Your rubbery body absorbs attacks. (AC +1, EV +1)
((You are camouflaged when in or above water. (Stealth+)))
You have tentacles for arms and can constrict up to eight enemies at once.


Message History

Press: ? - help, Shift-Dir - straight line, f - orc
Aim: an orc, wielding a +0 trident (71% to hit)
The puff of flame hits the orc!
You kill the orc!
Unknown command.
You start resting.
You hear some strange, mumbled words.
A bolt of poison appears from out of thin air!
The bolt of poison hits you!!
You are poisoned.
* * * LOW HITPOINT WARNING * * *
Aiming: Corrosive Bolt
Press: ? - help, Shift-Dir - straight line
* * * LOW HITPOINT WARNING * * *
You feel very sick.
Okay, then.
You feel better.
Aiming: Corrosive Bolt
Press: ? - help, Shift-Dir - straight line, f - yak
Aim: a yak (lightly wounded, 83% to hit)
The bolt of acid hits the yak!
The yak is moderately wounded.
Aiming: Corrosive Bolt
Press: ? - help, Shift-Dir - straight line, f/p - yak
Aim: a yak (moderately wounded, 83% to hit)
The bolt of acid hits something!!
The bolt of acid hits the yak!
The acid corrodes the yak!
The yak is heavily wounded.
Something closely misses you. Something grabs you.
You are constricted.
* * * LOW HITPOINT WARNING * * *
Aiming: Corrosive Bolt
Press: ? - help, Shift-Dir - straight line, f/p - yak
Aim: a yak (heavily wounded, covered in acid, 83% to hit)
The bolt of acid hits something!
The acid corrodes something!
The bolt of acid hits the yak!
The yak seems to be corroded for longer.
The yak is almost dead.
Something hits you!!
You die...
Your body crumbles into a pile of gold.

###### #....# #####
#$$..# #p..# #ยง.Y.#
#{Y.# #{...# #...#
#....## ##...#
#.##..# ####$...#
#.###$######.......#
..##..........$#.).#
......######..##...#
..#.#Y# #....###...#


You could see a yak (corroded).

Vanquished Creatures
  Maurice (D:7)
  Prince Ribbit (D:6)
  Sigmund (D:2)
  A wyvern (D:7)
  10 yaks
  Edmund (D:5)
  A water moccasin (D:7)
  An ogre (D:5)
  An orc warrior (D:7)
  An ice beast (D:7)
  A centaur (D:8)
  2 phantoms
  2 bullfrogs
  3 scorpions
  4 killer bees
  A howler monkey (D:5)
  2 jellies
  A hound (D:6)
  2 orc priests (D:4)
  3 iguanas
  Ijyb (D:3)
  4 orc wizards (D:7)
  5 gnolls
  8 adders
  A dart slug (D:5)
  10 orcs
  5 bats
  7 endoplasms
  3 giant cockroaches
  4 hobgoblins
  5 jackals
  5 kobolds
  4 quokkas
  8 ball pythons
  A frilled lizard (D:2)
  5 goblins
  7 rats
123 creatures vanquished.

Notes
Turn   | Place    | Note
-------+----------+-------------------------------------------
     0 | D:1      | monsoonserge the Octopode Shapeshifter began the quest for
                  | the Orb.
     0 | D:1      | Reached XP level 1. HP: 13/13 MP: 1/1
    72 | D:1      | Reached XP level 2. HP: 14/18 MP: 2/2
   110 | D:1      | Reached skill level 1 in Stealth
   326 | D:1      | Reached XP level 3. HP: 24/24 MP: 3/3
   814 | D:2      | Noticed Sigmund
  1506 | D:2      | Killed Sigmund
  1507 | D:2      | Reached skill level 1 in Throwing
  1507 | D:2      | Reached skill level 4 in Unarmed Combat
  1507 | D:2      | Reached skill level 1 in Evocations
  1507 | D:2      | Reached XP level 4. HP: 22/31 MP: 4/4
  1507 | D:2      | Reached XP level 5. HP: 26/36 MP: 5/5
  1799 | D:3      | Reached XP level 6. HP: 42/42 MP: 6/6
  1923 | D:3      | Noticed Ijyb
  1932 | D:3      | Killed Ijyb
  2066 | D:3      | Found Jeecisumuk's Magic Scroll Emporium.
  2426 | D:3      | Found a stormy altar of Qazlal.
  2428 | D:3      | Noticed a water elemental
  2429 | D:3      | Noticed a fire elemental
  2429 | D:3      | Noticed an air elemental
  2779 | D:4      | Reached skill level 5 in Unarmed Combat
  3142 | D:4      | Reached XP level 7. HP: 46/46 MP: 7/7
  3156 | D:4      | Reached skill level 6 in Unarmed Combat
  3179 | D:3      | Bought a scroll of fear for 44 gold pieces
  3179 | D:3      | Bought a scroll of blinking for 82 gold pieces
  3396 | D:4      | Found a staircase to the Ecumenical Temple.
  3405 | Temple   | Entered the Ecumenical Temple
  3447 | Temple   | Became a worshipper of Gozag Ym Sagoz the Greedy
  3738 | D:5      | Entered Level 5 of the Dungeon
  4139 | D:5      | Found a sparkling altar of Nemelex Xobeh.
  4139 | D:5      | Found a broken altar of Ashenzari.
  4158 | D:5      | Reached skill level 7 in Unarmed Combat
  4470 | D:5      | Noticed Edmund
  4478 | D:5      | Killed Edmund
  4479 | D:5      | Found a sacrificial altar of Ru.
  4829 | D:4      | Reached XP level 8. HP: 40/52 MP: 8/8
  5437 | D:6      | Reached skill level 5 in Shapeshifting
  5459 | D:6      | Noticed Prince Ribbit
  5626 | D:6      | Killed Prince Ribbit
  6360 | D:7      | Noticed a yak
  6362 | D:7      | Noticed a yak
  6363 | D:7      | Noticed a yak
  6498 | D:8      | Found a runed translucent gate.
  6498 | D:8      | Noticed yey's ghost (novice FeBe)
  6524 | D:8      | Noticed Erica
  6684 | D:7      | Noticed Maurice
  6704 | D:7      | Killed Maurice
  6705 | D:7      | Reached XP level 9. HP: 52/56 MP: 7/9
  7012 | D:7      | Reached skill level 8 in Unarmed Combat
  7570 | D:7      | Reached skill level 9 in Unarmed Combat
  7848 | D:7      | Reached XP level 10. HP: 33/63 MP: 10/10
  8374 | D:8      | HP: 2/65 [poisoned by Erica (bolt of poison)]
  8378 | D:8      | Demolished by Erica

Illustrated notes

Levels and vault maps discovered:
D:1:      dpeg_arrival_rhombus, layout_loops_ring,
          amcnicky_mini_rare_corridor_liquid, minmay_unequal
D:2:      layout_basic, dk_noncrumbling_3, minmay_liquid_box, nrook_campfire,
          uniq_sigmund
D:3:      layout_basic, nicolae_qazlal_style_of_elements, serial_shops,
          nicolae_shop_stone, uniq_ijyb
D:4:      layout_loops_ring, minmay_temple_entry_poolview, nicolae_hexahallways
D:5:      layout_gridville, grunt_temple_overflow_open,
          nicolae_overflow_hidden_temple, uniq_edmund
D:6:      layout_rooms, uniq_prince_ribbit1
D:7:      layout_basic, nrook_mini_vaults, uniq_maurice
D:8:      layout_rooms, mainiacjoe_overflow_alcove_1,
          biasface_ghost_orc_armoury, uniq_erica
Temple:   minmay_crystal_spiral_temple

Skill      XL: |  1  2  3  4  5  6  7  8  9 |
---------------+----------------------------+-----
Stealth        | 1 2 3 |  3.9
Fighting       | 3 4 |  4.5
Throwing       | 1 |  1.0
Dodging        | 3 4 |  4.6
Unarmed Combat | 4 5 7 9 |  9.8
Evocations     | 1 2 |  2.0
Shapeshifting  | 4 7 8 |  8.4
Shields        | |  0.3

Action                     |  1- 3 |  4- 6 |  7- 9 | 10-12 || total
---------------------------+-------+-------+-------+-------++-------
  Melee: Unarmed           |    67 |    58 |   185 |     9 ||   319
         Constrict         |    12 |    12 |    30 |       ||    54
         Tentacles         |    13 |    12 |    41 |     2 ||    68
         Punch             |     1 |       |     2 |       ||     3
  Throw: Dart              |     1 |       |     1 |       ||     2
  Evoke: Wand              |     3 |       |    17 |    24 ||    44
    Use: Scroll            |       |     1 |     7 |     5 ||    13
         Potion            |       |       |     2 |     1 ||     3
   Stab: Sleeping          |    11 |     6 |     4 |       ||    21
 Armour: Skin              |    22 |    23 |    75 |    12 ||   132
  Dodge: Dodged            |    28 |    24 |    82 |    19 ||   153
  Block: Other             |       |       |    19 |     4 ||    23
         Reflection        |       |       |       |     1 ||     1
   Form: Flux              |       |       |     1 |       ||     1
